 Dungeon Crawl Stone Soup version 0.31.0-11-ge490571c62 (webtiles) character file.

Game seed: 1070108949192975184

208 wormsofcant the Changeling (level 5, -1/35 HPs)
             Began as an Armataur Shapeshifter on Feb 8, 2024.
             Was a Follower of Hepliaklqana.
             Slain by a black bear (6 damage)
             ... on level 4 of the Dungeon.
             The game lasted 00:06:26 (3783 turns).

wormsofcant the Changeling (Armataur Shapeshifter)  Turns: 3783, Time: 00:06:28

Health: -1/35      AC:  4    Str: 19    XL:     5   Next: 55%
Magic:  5/5        EV:  9    Int:  7    God:    Hepliaklqana [*.....]
Gold:   27         SH:  0    Dex: 13    Spells: 4/4 levels left

rFire   + + .        F - +6 dagger "Zoyd" {freeze, rF++ Int-4 Dex+2}
rCold   . . .        (no shield)
rNeg    . . .        m - +0 animal skin
rPois   .            (helmet currently unavailable)
rElec   .            (cloak currently unavailable)
rCorr   .            (gloves currently unavailable)
SInv    .            (no barding)
Will    .....        (no amulet)
Stlth   +            (no ring)
HPRegen 0.25/turn    (no ring)
MPRegen 0.09/turn

%: roll
@: beast-form
A: beast (slay +3), reduced essence, large, deformed body, tough skin 3,
armoured tail, roll 1
a: Begin Untransformation, Renounce Religion, Recall Ancestor, Ancestor Identity


You were on level 4 of the Dungeon.
You worshipped Hepliaklqana.
Hepliaklqana was aware of your devotion.
You were a hulking beast.
You visited 1 branch of the dungeon, and saw 4 of its levels.

You collected 131 gold pieces.
You spent 104 gold pieces at shops.

Inventory:

Hand Weapons
 a - a +2 dagger of venom
 b - a +0 sling
 y - a +0 short sword of speed
 F - the +6 dagger "Zoyd" (weapon) {freeze, rF++ Int-4 Dex+2}
   (You found it on level 4 of the Dungeon)

   Int-4:     It affects your intelligence (-4).
   Dex+2:     It affects your dexterity (+2).
   rF++:      It greatly protects you from fire.
Missiles
 h - 3 poisoned darts (quivered)
 i - 32 stones
 k - 10 javelins
Armour
 m - a +0 animal skin (worn)
Magical Staves
 l - a staff of death
Jewellery
 g - a ring of ice
 t - a ring of fire
Talismans
 c - a beast talisman
 d - a flux talisman
 q - a maw talisman
Scrolls
 n - 3 scrolls of identify {unknown}
 o - a scroll of noise {unknown}
 p - 5 scrolls of teleportation {unknown}
 s - a scroll of vulnerability {unknown}
 u - 2 scrolls of blinking {unknown}
 w - a scroll of brand weapon {unknown}
 A - a scroll of amnesia {unknown}
 B - a scroll of summoning {unknown}
 C - a scroll of enchant weapon {unknown}
 D - a scroll of enchant armour {unknown}
 E - a scroll of torment {unknown}
Potions
 e - a potion of lignification
 f - a potion of resistance {unknown}
 j - 4 potions of heal wounds
 r - a potion of brilliance {unknown}
 v - a potion of enlightenment {unknown}
 x - 2 potions of mutation {unknown}
 z - 2 potions of curing


   Skills:
 - Level 0.8 Fighting
 - Level 1.3 Dodging
 - Level 2.6 Unarmed Combat
 * Level 5.4 Shapeshifting


You had 4 spell levels left.
You didn't know any spells.
Your spell library contained the following spells:

 Spells                   Type           Power      Damage    Failure   Level
 Call Canine Familiar     Summ           0%         N/A       80%         3
 Sigil of Binding         Hex            0%         N/A       80%         3
 Tukima's Dance           Hex            0%         N/A       80%         3
 Dimensional Bullseye     Hex/Tloc       0%         N/A       99%         4
 Passage of Golubria      Tloc           0%         N/A       99%         4
 Yara's Violent Unravell  Hex/Alch       0%         3d3       100%        5


Dungeon Overview and Level Annotations

Branches:
Dungeon (4/15)
 Temple: D:4-7

Altars:
Gozag
Hepliaklqana
Makhleb
Wu Jian

Shops:
D:4 !

Annotations:
D:3 3 runed translucent doors, Sigmund; Zooster's ghost, amateur NaMo
D:4 Dowan; Duvessa


Innate Abilities, Weirdness & Mutations

You are a hulking beast.
Your limbs bulge with bestial killing power. (Slay +3)
Your life essence is reduced to manifest your ancestor. (-10% HP)
Armour fits poorly on your strangely shaped body.
You have extremely tough skin. (AC +3)
You have a long armoured tail.
You regenerate magic when rolling toward enemies. (Rampage MPRegen)


Message History

The black bear bites you. The black bear claws you.
The black bear claws you but does no damage.
You are too injured to fight recklessly!
You swap places.
The black bear bites Khalidah.
The black bear closely misses Khalidah.
The black bear barely misses Khalidah.
Khalidah hits the black bear.
The black bear closely misses Khalidah.
The black bear claws Khalidah. x2
Khalidah hits the black bear.
The black bear barely misses Khalidah.
The black bear closely misses Khalidah. x2
Khalidah barely misses the black bear.
You see here the +6 dagger "Zoyd" {freeze, rF++ Int-4 Dex+2}.
F - the +6 dagger "Zoyd" {freeze, rF++ Int-4 Dex+2} The black bear bites Khalidah but does no damage.
The black bear claws Khalidah. x2; Khalidah hits the black bear.
The black bear barely misses Khalidah.
The black bear claws Khalidah. x2
Khalidah hits the black bear.
Your +2 dagger of venom stops dripping with poison.
You feel stupid.
You feel agile.
The +6 dagger "Zoyd" {freeze, rF++ Int-4 Dex+2} glows with a cold blue light!
F - the +6 dagger "Zoyd" (weapon)
{freeze, rF++ Int-4 Dex+2} The black bear closely misses Khalidah.
The black bear claws Khalidah.
Khalidah is destroyed!
You hit the black bear. You freeze the black bear.
You tail-slap the black bear.
The black bear is almost dead.
The black bear goes berserk!
You hit the black bear. You freeze the black bear.
The black bear is almost dead.
The black bear bites you. The black bear claws you.
* * * LOW HITPOINT WARNING * * *
The black bear barely misses you.
You barely miss the black bear.
The black bear is almost dead.
The black bear bites you.
* * * LOW HITPOINT WARNING * * *
The black bear barely misses you. The black bear claws you.
* * * LOW HITPOINT WARNING * * *
The black bear barely misses you. The black bear claws you.
You die...

##### #...# ####.#.#
# #>.....## .#
###.###...#### ..#
#.....##.....# ...#
#.#.#....###.###....#
#.#.......##.hh'....+
# #.....#.######....#
#.#..##.#.....# ...#
#.......#####.# ###
#####......##.#
#.##.#....# ###
#.#....############
#<# #....#.#
#........# #.#
####.#.# #........#
####'#


You could see a black bear (berserk, poisoned).

Vanquished Creatures
  A hound (D:4)
  An iguana (D:4)
  Robin (D:3)
  An adder (D:2)
  3 dart slugs
  2 ribbon worms
  5 orcs (D:3)
  4 ball pythons
  9 bats
  An endoplasm (D:1)
  A giant cockroach (D:1)
  18 goblins
  4 hobgoblins
  8 jackals
  5 quokkas
  3 frilled lizards (D:1)
  14 kobolds
  8 rats
89 creatures vanquished.

Vanquished Creatures (collateral kills)
  2 adders
  A hobgoblin (D:3)
  A jackal (D:3)
  A ball python (D:4)
  A bat (D:3)
  2 goblins (D:3)
8 creatures vanquished.

Vanquished Creatures (others)
  3 ancestors
3 creatures vanquished.

Grand Total: 100 creatures vanquished

Notes
Turn   | Place    | Note
-------+----------+-------------------------------------------
     0 | D:1      | wormsofcant the Armataur Shapeshifter began the quest for
                  | the Orb.
     0 | D:1      | Reached XP level 1. HP: 15/15 MP: 1/1
    86 | D:1      | Reached skill level 3 in Shapeshifting
   161 | D:1      | Reached XP level 2. HP: 22/22 MP: 2/2
   400 | D:1      | You fall into a shaft and drop 1 floor!
   527 | D:2      | Reached XP level 3. HP: 27/27 MP: 3/3
   550 | D:2      | Found a hazy altar of Hepliaklqana.
   555 | D:2      | Became a worshipper of Hepliaklqana the Forgotten
  1296 | D:1      | Reached skill level 4 in Shapeshifting
  1937 | D:3      | Reached XP level 4. HP: 34/34 MP: 4/4
  1989 | D:3      | Noticed Sigmund
  2108 | D:3      | Found a runed translucent gate.
  2108 | D:3      | Found a runed translucent gate.
  2108 | D:3      | Found a runed translucent gate.
  2109 | D:3      | Found an opulent altar of Gozag.
  2121 | D:3      | Noticed Zooster's ghost (amateur NaMo)
  2248 | D:3      | Found a faded altar of an unknown god.
  2263 | D:3      | Reached * piety under Hepliaklqana
  2362 | D:3      | Found a burning altar of Makhleb.
  2740 | D:3      | Found an ornate altar of the Wu Jian Council.
  3278 | D:4      | Noticed Robin
  3284 | D:3      | Killed Robin
  3317 | D:3      | Reached XP level 5. HP: 28/35 MP: 5/5
  3462 | D:4      | Found Ynucvige's Distillery.
  3469 | D:4      | Bought a potion of heal wounds for 65 gold pieces
  3469 | D:4      | Bought a potion of curing for 39 gold pieces
  3487 | D:4      | Noticed Duvessa
  3487 | D:4      | Noticed Dowan
  3666 | D:4      | Reached skill level 5 in Shapeshifting
  3677 | D:4      | Found a hazy altar of Hepliaklqana.
  3763 | D:4      | Identified the +6 dagger "Zoyd" {freeze, rF++ Int-4 Dex+2}
  3766 | D:4      | Noticed a black bear
  3783 | D:4      | Slain by a black bear

Illustrated notes

Levels and vault maps discovered:
D:1:      minmay_arrival_hallway, layout_basic, hangedman_abyss_or_decor_stabs
D:2:      layout_loops_cross, basic_altar
D:3:      layout_basic, mainiacjoe_overflow_six_doors_small,
          lightli_temple_of_fire, ebering_ghost_gozag,
          hellmonk_ecumenical_altar_crossroads, minmay_crystal_room,
          uniq_sigmund
D:4:      layout_basic, nicolae_gozag_zags_fifth_avenue, lemuel_crystal_altar,
          serial_shops, nicolae_shop_industrial_runoff, uniq_duvessa, uniq_ijyb,
          uniq_robin

Skill      XL: |  1  2  3  4  5 |
---------------+----------------+-----
Shapeshifting  | 3 4 5 |  5.4
Fighting       | |  0.8
Dodging        | |  1.3
Unarmed Combat | |  2.6

Action                     |  1- 3 |  4- 6 || total
---------------------------+-------+-------++-------
  Melee: Unarmed           |     9 |       ||     9
         Short sword       |    68 |       ||    68
         Tailslap          |    12 |     8 ||    20
         Dagger            |     1 |    59 ||    60
         Punch             |       |     1 ||     1
   Fire: Sling             |    71 |    42 ||   113
  Throw: Dart              |     3 |       ||     3
         Stone             |     1 |       ||     1
 Invoke: Recall Ancestor   |       |     2 ||     2
    Use: Potion            |       |     1 ||     1
   Stab: Sleeping          |     2 |       ||     2
 Armour: Animal skin       |    59 |    66 ||   125
         Skin              |       |     5 ||     5
  Dodge: Dodged            |    34 |    49 ||    83
